 Dungeon Crawl Stone Soup version 0.24-a0-464-g6b2be6b8c7 (webtiles) character file.

Game seed: 18326334497645915489

403 mhoghedin the Stinger (level 6, -3/38 HPs)
             Began as an Octopode Venom Mage on July 3, 2019.
             Was an Initiate of Vehumet.
             Slain by a centaur zombie (6 damage)
             ... on level 6 of the Dungeon.
             The game lasted 00:10:30 (6251 turns).

mhoghedin the Stinger (Octopode Venom Mage)         Turns: 6251, Time: 00:10:30

Health: -3/38      AC:  1    Str: 12    XL:     6   Next: 86%
Magic:  10/10      EV: 13    Int: 25    God:    Vehumet [......]
Gold:   241        SH:  0    Dex: 12    Spells: 1/11 levels left

rFire    + . .     SeeInvis .   s - staff of air {rElec}
rCold    + . .     Gourm    .   (no shield)
rNeg     . . .     Faith    .   (helmet restricted)
rPois    +         Spirit   .   f - amulet of magic regeneration
rElec    +         Reflect  .   e - ring of resist corrosion
rCorr    +         Harm     .   (no ring)
MR       .....                  (no ring)
Stlth    +++.......             (no ring)
HPRegen  0.12/turn              (no ring)
MPRegen  0.37/turn              (no ring)
                                (no ring)
                                (no ring)

@: mighty, brilliant, resistant
A: almost no armour, stealthy swim, amphibious, 8 rings, constrict 8, camouflage
1, gelatinous body 1
a: Renounce Religion


You were on level 6 of the Dungeon.
You worshipped Vehumet.
Vehumet was noncommittal.
You were not hungry.

You visited 2 branches of the dungeon, and saw 7 of its levels.

You collected 241 gold pieces.

Inventory:

Hand Weapons
 a - a +0 club
   (You took it off a kobold on level 1 of the Dungeon)
 i - a +0 short sword
   (You took it off a kobold on level 2 of the Dungeon)
Missiles
 d - 7 curare-tipped darts (quivered)
 m - 2 throwing nets {=f, !d}
Magical Staves
 s - an uncursed staff of air (weapon) {rElec}
   (You found it on level 5 of the Dungeon)
Jewellery
 e - a ring of resist corrosion (left tentacle)
   (You found it on level 1 of the Dungeon)
 f - an amulet of magic regeneration (around mantle)
   (You found it on level 1 of the Dungeon)
Scrolls
 g - 5 scrolls of teleportation
 p - 2 scrolls of amnesia {unknown}
 r - a scroll of remove curse
 u - a scroll of identify
Potions
 c - 3 potions of flight
 h - a potion of might
 j - 2 potions of heal wounds {unknown}
 k - 2 potions of curing
 n - a potion of mutation {unknown}
 o - a potion of haste {unknown}
Comestibles
 b - 4 rations


   Skills:
 + Level 1.3 Fighting
 - Level 1.0(1.1) Maces & Flails
 + Level 0.5(0.9) Staves
 - Level 2.0 Dodging
 - Level 3.3 Stealth
 - Level 3.0 Spellcasting
 - Level 1.0 Conjurations
 + Level 2.1 Air Magic
 - Level 6.8 Poison Magic
 + Level 1.5 Evocations


You had one spell level left.
You knew the following spells:

 Your Spells              Type           Power        Failure   Level  Hunger
a - Sting                 Conj/Pois      ####         1%          1    None
b - Poisonous Vapours     Pois/Air       ######       1%          2    ##.....
c - Olgreb's Toxic Radia  Pois           ######..     1%          4    ####...
x - Mephitic Cloud        Conj/Pois/Air  ######..     1%          3    ###....

Your spell library contained the following spells:

 Spells                   Type           Power        Failure   Level  Hunger
 Venom Bolt               Conj/Pois      #####.....   7%          5    ######.


Dungeon Overview and Level Annotations

Branches:
Dungeon (6/15)             Temple (1/1) D:5

Altars:
Ashenzari
Dithmenos
Elyvilon
Fedhas
Gozag
Makhleb
Nemelex Xobeh
Ru
Vehumet
Zin

Annotations:
D:3 Grinder, Ijyb
D:5 1 exclusion


Innate Abilities, Weirdness & Mutations

You cannot wear most types of armour.
You are very stealthy in the water. (Stealth+)
You are amphibious.
You can wear up to eight rings at the same time.
You can use your tentacles to constrict eight enemies at once.
Your skin changes colour to match your surroundings (Stealth+).
Your rubbery body absorbs attacks. (AC +1, EV +1)


Message History

You take 2 damage, and have 10/38 hp.
You fall into a shaft and drop 3 floors!
The shaft crumbles and collapses.
You hear the hiss of flowing sand.
There is an entrance to an ossuary on this level.
Hurry and find it before the portal is buried!
Found a scroll labeled HYVEXA DEPTEF.
Found a stone staircase leading down.
You start resting.
You hear the slow hiss of an avalanche of sand nearby.
You regained 6 hp, and now have 16/38 hp.
Okay, then.
Unknown command.
p - 2 scrolls labeled HYVEXA DEPTEF (gained 1)
You start resting.
You hear the slow hiss of an avalanche of sand nearby.
You regained 5 hp, and now have 22/38 hp.
You start resting.
All of the chunks of flesh in your inventory have rotted away.
You hear the slow hiss of an avalanche of sand nearby.
You regained 6 hp, and now have 28/38 hp.
You start resting.
You hear the slow hiss of an avalanche of sand nearby.
You regained 6 hp, and now have 34/38 hp.
You start resting.
Health restored: 38 You hear the slow hiss of an avalanche of sand nearby.
A quokka comes into view.
A quokka is nearby!
Aim: a quokka You feel a surge of power!
Poisonous vapours surround the quokka!
The quokka is engulfed in poison gas.
The quokka is poisoned.
You now have 8/10 mp.
A quokka is nearby!
You barely miss the quokka. Your grab misses the quokka.
Your squeeze misses the quokka.
You kill the quokka!
Vehumet accepts your kill.
No target in view!
Found a stone staircase leading up.
MP restored: 10
t - a blackened granite ring Oops, that ring feels deathly cold.
t - a cursed ring of attention (right tentacle)
As you read the scroll of remove curse, it crumbles to dust.
You feel as if something is helping you.
You remove your ring of attention.
You drop an uncursed ring of attention.
You hear the hiss of an avalanche of sand nearby.
There is a stone staircase leading up here.
You climb upwards.
Level annotation: 1 exclusion
There is a stone staircase leading down here.
Done exploring.
Done exploring.
(D) Dungeon (T) Temple
Where to? (Enter - D:3, ? - help)
You climb downwards.
You hear the hiss of flowing sand.
There is an entrance to an ossuary on this level.
Hurry and find it before the portal is buried!
There is a stone staircase leading up here.
Unknown command.
Unknown command.
A centaur zombie comes into view.
A centaur warrior skeleton comes into view.
You hear the hiss of an avalanche of sand nearby.
The centaur zombie is too close now for your liking.
A centaur zombie is nearby!
You hit the centaur zombie but do no damage.
The centaur zombie misses you.
You hit the centaur zombie. The centaur zombie barely misses you.
The centaur zombie hits you.
You take 2 damage, and have 36/38 hp.
You hit the centaur zombie but do no damage.
The centaur zombie completely misses you.
You hit the centaur zombie.
You squeeze the centaur zombie, but do no damage.
The centaur zombie hits you. x2
You take 12 damage, and have 24/38 hp.
MASSIVE DAMAGE!!
You hit the centaur zombie. The centaur zombie barely misses you.
You aren't carrying any items that you can evoke.
It was a potion of brilliance.
You feel clever all of a sudden. The centaur zombie hits you!
The centaur zombie closely misses you.
You take 6 damage, and have 18/38 hp.
It was a potion of resistance.
You feel protected. The centaur zombie hits you.
You take 3 damage, and have 15/38 hp.
You barely miss the centaur zombie. The centaur zombie hits you!
* * * LOW HITPOINT WARNING * * *
You take 7 damage, and have 8/38 hp.
Unknown command.
It was a potion of might.
You feel very mighty all of a sudden. The centaur zombie hits you.
* * * LOW HITPOINT WARNING * * *
The centaur zombie completely misses you.
You take 5 damage, and have 3/38 hp.
You hit the centaur zombie! The centaur zombie hits you.
You die...

.......# #..# #.........
.......# #..# #.........
.......###..# .........
........##..# .........
........#...# #........
............# #........
............## ###........
.............###.Z.#......
.)...######.....@.## ..Z##
....## ###....## ### #..##
#....# ##.# #.....# #.##
#......# ### #.....#.#
###..#### ##.# ##


You could see a centaur zombie.

Vanquished Creatures
  A centaur (D:5)
  A crimson imp (D:5)
  A hound (D:4)
  Jessica (D:3)
  Terence (D:3)
  A worker ant (D:4)
  A howler monkey zombie (D:5)
  6 gnolls
  5 adders
  An ooze (D:2)
  An adder zombie (D:5)
  3 worms
  2 leopard geckos
  2 giant cockroaches (D:1)
  5 goblins
  5 hobgoblins
  A quokka (D:6)
  6 bats
  6 frilled lizards
  12 kobolds
  A leopard gecko skeleton (D:5)
  6 rats
69 creatures vanquished.

Notes
Turn   | Place    | Note
-------+----------+-------------------------------------------
     0 | D:1      | mhoghedin the Octopode Venom Mage began the quest for the
                  | Orb.
     0 | D:1      | Reached XP level 1. HP: 11/11 MP: 3/3
   111 | D:1      | Reached skill level 3 in Stealth
   338 | D:1      | Reached skill level 4 in Poison Magic
   338 | D:1      | Reached XP level 2. HP: 12/17 MP: 0/5
   436 | D:1      | Learned a level 2 spell: Poisonous Vapours
   520 | D:1      | HP: 2/17 [leopard gecko (4)]
   881 | D:1      | Reached skill level 1 in Air Magic
   914 | D:1      | Reached XP level 3. HP: 16/21 MP: 6/6
  1361 | D:1      | Learned a level 3 spell: Mephitic Cloud
  1666 | D:2      | Reached XP level 4. HP: 27/27 MP: 2/7
  1712 | D:2      | Reached skill level 5 in Poison Magic
  2135 | D:2      | Reached skill level 3 in Spellcasting
  2135 | D:2      | Reached XP level 5. HP: 20/31 MP: 9/9
  2141 | D:2      | Learned a level 4 spell: Olgreb's Toxic Radiance
  2805 | D:3      | Noticed Grinder
  2927 | D:3      | Noticed Terence
  2927 | D:3      | Noticed Ijyb
  2927 | D:3      | Noticed a hungry ghost
  2928 | D:3      | Paralysed by Grinder for 4 turns
  2931 | D:3      | HP: 4/31 [Terence/+0 falchion (5)]
  3351 | D:4      | Reached skill level 6 in Poison Magic
  4218 | D:5      | Entered Level 5 of the Dungeon
  4442 | D:5      | Reached XP level 6. HP: 24/36 MP: 10/10
  4635 | D:5      | Found a staircase to the Ecumenical Temple.
  4644 | Temple   | Entered the Ecumenical Temple
  4653 | Temple   | Became a worshipper of Vehumet
  5024 | D:5      | Reached skill level 1 in Fighting
  5024 | D:5      | Reached skill level 1 in Maces & Flails
  5024 | D:5      | Reached skill level 1 in Evocations
  5776 | D:3      | Killed Terence
  5829 | D:3      | Noticed Jessica
  5835 | D:3      | Paralysed by Grinder for 7 turns
  5836 | D:3      | Killed Jessica
  5836 | D:3      | Reached skill level 2 in Air Magic
  5852 | D:3      | You fall into a shaft and drop 3 floors!
  6249 | D:6      | HP: 8/38 [centaur zombie (7)]
  6250 | D:6      | HP: 3/38 [centaur zombie (5)]
  6251 | D:6      | Slain by a centaur zombie

Levels and vault maps discovered:
D:1:      nzn_arrival_crosshair, layout_basic, chequers_decorated_corner,
          item_on_display_a
D:2:      layout_loops_ring, minmay_vboxes
D:3:      layout_rooms, first_ration, cheibrodos_sewer_entry_drain,
          uniq_terence, uniq_ijyb, uniq_grinder, uniq_jessica
D:4:      layout_layer_cave, minmay_misc_feat_chi, chequers_jeans
D:5:      layout_basic, minmay_temple_entry_mist
D:6:      layout_layer_cave, kennysheep_little_box, chequers_ossuary_entry_cave
Temple:   compressed_dpeg_triangle_lava_temple

Skill      XL: |  1  2  3  4  5  6 |
---------------+-------------------+-----
Stealth        | 3 |  3.3
Poison Magic   | 4 5 6 |  6.8
Air Magic      | 1 2 |  2.1
Spellcasting   | 3 |  3.0
Fighting       | 1 |  1.3
Maces & Flails | 1 |  1.0
Evocations     | 1 |  1.5
Staves         | |  0.5
Dodging        | |  2.0
Conjurations   | |  1.0

Action                   |  1- 3 |  4- 6 || total
-------------------------+-------+-------++-------
Melee: Club              |    45 |    10 ||    55
       Constrict         |    14 |    12 ||    26
       Tentacles         |     9 |    12 ||    21
       Short sword       |       |    36 ||    36
       Staff             |       |    38 ||    38
 Cast: Sting             |    20 |     1 ||    21
       Poisonous Vapours |     9 |    49 ||    58
       Mephitic Cloud    |       |     2 ||     2
  Use: Potion            |     1 |     3 ||     4
       Scroll            |       |     9 ||     9
 Stab: Sleeping          |     5 |     6 ||    11
       Distracted        |     1 |       ||     1
  Eat: Chunk             |     3 |     8 ||    11
       Ration            |       |     3 ||     3
Armor: Skin              |     8 |    16 ||    24
Dodge: Dodged            |    40 |    96 ||   136

Table legend:
 A = Non-vault XP
 B = Vault XP
 C = Vault XP percentage of total XP
 D = Non-vault monster count
 E = Vault monster count
 F = Vault count percentage of total count
                 A         B        C        D         E       F
            +---------+---------+-------+---------+---------+-------
      Total |     477 |      99 |  17.2 |      59 |      10 |  14.5
            +---------+---------+-------+---------+---------+-------
        D:1 |      57 |       0 |   0.0 |      27 |       0 |   0.0
        D:2 |     116 |      26 |  18.3 |      14 |       8 |  36.4
        D:3 |      21 |      73 |  77.7 |       6 |       2 |  25.0
        D:4 |      82 |       0 |   0.0 |       4 |       0 |   0.0
        D:5 |     199 |       0 |   0.0 |       7 |       0 |   0.0
        D:6 |       2 |       0 |   0.0 |       1 |       0 |   0.0
            +---------+---------+-------+---------+---------+-------

Levels and vault maps discovered:
D:1:      nzn_arrival_crosshair, layout_basic, chequers_decorated_corner,
          item_on_display_a
D:2:      layout_loops_ring, minmay_vboxes
D:3:      layout_rooms, first_ration, cheibrodos_sewer_entry_drain,
          uniq_terence, uniq_ijyb, uniq_grinder, uniq_jessica
D:4:      layout_layer_cave, minmay_misc_feat_chi, chequers_jeans
D:5:      layout_basic, minmay_temple_entry_mist
D:6:      layout_layer_cave, kennysheep_little_box, chequers_ossuary_entry_cave
Temple:   compressed_dpeg_triangle_lava_temple

Table legend:
 A = Turns spent in this place as a percentage of turns spent in the entire game.
 B = Non-inter-level travel turns spent in this place as a percentage of non-inter-level travel turns spent in the entire game.
 C = Inter-level travel turns spent in this place as a percentage of turns spent in this place.
 D = Turns resting spent in this place as a percentage of non-inter-level travel turns spent in this place.
 E = Turns spent auto-exploring this place as a percentage of non-inter-level travel turns spent in this place.
 F = Non-inter-level travel turns spent in this place divided by the number of levels of this place that you've seen.
                   A       B       C       D       E      F
               +-------+-------+-------+-------+-------+----------------------
         Total | 100.0 | 100.0 |   4.0 |  37.1 |  48.0 | 857.3
       Dungeon |  99.7 |  99.8 |   3.9 |  37.2 |  48.1 | 998.5
        Temple |   0.3 |   0.2 |  41.2 |   0.0 |  10.0 |  10.0
               +-------+-------+-------+-------+-------+----------------------

Table legend:
 A = Kills in this place as a percentage of kills in entire the game.
 B = Kills by you in this place as a percentage of kills by you in the entire game.
 C = Kills by friends in this place as a percentage of kills by friends in the entire game.
 D = Other kills in this place as a percentage of other kills in the entire game.
 E = Experience gained in this place as a percentage of experience gained in the entire game.
 F = Experience gained in this place divided by the number of levels of this place that you have seen.
                   A       B       C       D       E      F
               +-------+-------+-------+-------+-------+----------------------
         Total | 100.0 | 100.0 |   N/A |   N/A | 100.0 |  82.3
       Dungeon | 100.0 | 100.0 |   N/A |   N/A | 100.0 |  96.0
               +-------+-------+-------+-------+-------+----------------------
